 Dungeon Crawl Stone Soup version 0.20-a0-731-gecde0bf (webtiles) character file.

7080 Alarkh the Martial Artist (level 10, 0/82 HPs)
             Began as a Demonspawn Monk on Feb 22, 2017.
             Was a Priest of Wu Jian.
             Succumbed to a killer bee's poison
             ... on level 8 of the Dungeon.
             The game lasted 00:16:52 (10318 turns).

Alarkh the Martial Artist (Demonspawn Monk)        Turns: 10318, Time: 00:16:53

Health: 0/82       AC: 12    Str: 13    XL:     10   Next: 84%
Magic:  10/10      EV: 15    Int: 14    God:    Wu Jian [***...]
Gold:   148        SH:  0    Dex: 15    Spells: 9/9 levels left

rFire    . . .     SeeInvis .     - Unarmed
rCold    + . .     Gourm    .   g - +2 ring mail {rC+}
rNeg     . . .     Faith    .   (no shield)
rPois    .         Spirit   .   (helmet restricted)
rElec    .         Reflect  .   (no cloak)
rCorr    .         Harm     .   (no gloves)
MR       .....                  (no boots)
Stlth    ++........             u - amulet of magic regeneration
Regen    0.3/turn               l - +1 ring of protection
MPRegen  0.2/turn               B - ring of stealth

@: lethally poisoned (0 -> -6)
A: horns 2, iridescent scales 2, demonic guardian 1
a: Renounce Religion


You were on level 8 of the Dungeon.
You worshipped Wu Jian.
Wu Jian was most pleased with you.
You were not hungry.

You visited 2 branches of the dungeon, and saw 10 of its levels.

You collected 465 gold pieces.
You spent 317 gold pieces at shops.

Inventory:

Armour
 a - a +0 robe
 g - a +2 ring mail of cold resistance (worn)
 q - a +2 robe of resistance
Jewellery
 l - a +1 ring of protection (right hand)
 u - an amulet of magic regeneration (around neck)
 v - an uncursed ring of protection from fire
 B - a ring of stealth (left hand)
 D - an uncursed ring of teleportation
 I - an uncursed amulet of faith
Wands
 z - a wand of flame (32/48)
 F - a wand of confusion (14/48)
 H - a wand of paralysis (16/24)
Scrolls
 c - a scroll of immolation
 e - a scroll of identify
 j - 3 scrolls of magic mapping
 k - a scroll of fog
 p - 2 scrolls of enchant armour
 s - 2 scrolls of enchant weapon
 w - 2 scrolls of blinking {unknown}
 x - 4 scrolls of noise {unknown}
 y - a scroll of teleportation {unknown}
 C - a scroll of amnesia {unknown}
Potions
 h - 4 potions of mutation
 i - a potion of cancellation
 n - a potion of ambrosia
 o - 3 potions of curing
 r - a potion of degeneration
 t - a potion of resistance
 A - a potion of heal wounds
Books
 E - a Young Poisoner's Handbook

   Spells                             Type                      Level
   a - Sting                          Conjuration/Poison           1
   b - Poisonous Vapours              Poison/Air                   2
   c - Mephitic Cloud                 Conjuration/Poison/Air       3
   d - Olgreb's Toxic Radiance        Poison                       4
   e - Venom Bolt                     Conjuration/Poison           5
Comestibles
 b - 4 bread rations
 d - a royal jelly
 f - 5 fruits
 m - 3 meat rations
 G - a chunk of flesh


   Skills:
 + Level 8.8 Fighting
 + Level 8.2 Dodging
 - Level 1.7 Stealth
 * Level 11.2 Unarmed Combat


You had 9 spell levels left.
You didn't know any spells.

Dungeon Overview and Level Annotations

Branches:
Dungeon (9/15)             Temple (1/1) D:5
   Lair: D:8-11         Orc: D:9-12

Altars:
Ashenzari
Cheibriados
Dithmenos
Elyvilon
Fedhas
Gozag
Hepliaklqana
Kikubaaqudgha
Makhleb
Nemelex Xobeh
Okawaru
Qazlal
Ru
Sif Muna
Trog
Uskayaw
Vehumet
Wu Jian
Xom
Yredelemnul
Zin
The Shining One

Shops:
D:6 ?   D:7 =


Innate Abilities, Weirdness & Mutations

You have a pair of horns on your head.
You are mostly covered in iridescent scales. (AC +4)
A weak demonic guardian rushes to your aid.


Message History

You are more poisoned.
The killer bee poisons you!
You miss the killer bee. Your headbutt misses the killer bee.
The killer bee is severely wounded.
You feel sick. The killer bee misses you. The killer bee barely misses you.
You miss the killer bee.
The killer bee is severely wounded.
You feel sick. The killer bee closely misses you.
You closely miss the killer bee.
The killer bee is severely wounded.
You feel sick.
The killer bee stings you but does no damage.
The killer bee stings you!
* * * LOW HITPOINT WARNING * * *
You punch the killer bee!
You kill the killer bee!
The Council accepts your kill.
* * * LOW HITPOINT WARNING * * *
You feel sick.
You die...

#...(......#)#
#.########.#)# #.#
#.#.# #####.#
#.#.## #..)..#
#.#... #.....#
#.#### #[....# #.#
#.....# #.#
#.@...########.####
#.>....(......)....
#.....#############
#..................
#....##############
###### # #


There were no monsters in sight!

Vanquished Creatures
  2 two-headed ogres
  The ghost of esteth the Fighter, a novice CeMo (D:8)
  Pikel (D:7)
  Grinder (D:6)
  A hippogriff (D:7)
  The ghost of azzavlup the Slasher, an amateur TeBe of Trog (D:4)
  A yak (D:9)
  A hungry ghost (D:7)
  4 vampire mosquitoes (D:8)
  Duvessa (D:4)
  Menkaure (D:4)
  A slave (D:7)
  2 orc warriors (D:6)
  3 ice beasts (D:5)
  A phantom (D:4)
  A sky beast (D:7)
  3 centaurs
  3 ogres
  A big kobold (D:7)
  A gnoll sergeant (D:8)
  A bullfrog (D:8)
  A wyvern zombie (D:6)
  Dowan (D:4)
  3 scorpions
  3 killer bees
  4 wights (D:7)
  2 crimson imps
  A bullfrog zombie (D:9)
  2 jellies
  5 orc priests
  2 gnoll shamans
  A hound (D:8)
  3 bullfrog skeletons
  An iguana (D:7)
  4 orc wizards
  13 worker ants
  2 hound zombies (D:8)
  4 hound skeletons
  15 gnolls
  15 adders
  A shadow imp (D:5)
  3 oozes
  An adder zombie (D:7)
  2 adder skeletons
  5 worms
  4 dart slugs (D:1)
  8 leopard geckos
  44 orcs
  8 giant cockroaches
  5 goblins (D:1)
  5 hobgoblins
  10 jackals
  18 kobolds
  4 quokkas
  9 bats
  3 frilled lizards
  A jackal skeleton (D:4)
  A quokka zombie (D:6)
  10 rats
  3 butterflies (D:7)
259 creatures vanquished.

Vanquished Creatures (collateral kills)
  2 ogres
  A centaur (D:6)
  2 orc wizards
  A worker ant (D:5)
  A gnoll (D:5)
  A shadow imp (D:6)
  6 orcs
  A giant cockroach (D:5)
  A jackal (D:8)
16 creatures vanquished.

Vanquished Creatures (others)
  A slave (D:7)
  A centaur skeleton (D:7)
  A hound zombie (D:7)
  2 gnolls (D:7)
  A leopard gecko (D:7)
  2 jackals (D:8)
8 creatures vanquished.

Grand Total: 283 creatures vanquished

Notes
Turn   | Place    | Note
-------+----------+-------------------------------------------
     0 | D:1      | Alarkh the Demonspawn Monk began the quest for the Orb.
     0 | D:1      | Reached XP level 1. HP: 18/18 MP: 1/1
   144 | D:1      | Reached skill level 3 in Unarmed Combat
   168 | D:1      | Gained mutation: You have a pair of small horns on your head. [demonic ancestry]
   168 | D:1      | Reached XP level 2. HP: 9/24 MP: 2/2
   596 | D:1      | Reached XP level 3. HP: 25/29 MP: 3/3
  1680 | D:2      | Reached XP level 4. HP: 35/35 MP: 4/4
  1734 | D:2      | Reached skill level 4 in Unarmed Combat
  2080 | D:2      | Found a shadowy altar of Dithmenos.
  2082 | D:2      | Found an ancient bone altar of Kikubaaqudgha.
  2083 | D:2      | Found an opulent altar of Gozag.
  2346 | D:3      | Gained mutation: You are partially covered in iridescent scales. (AC +2) [demonic ancestry]
  2346 | D:3      | Reached XP level 5. HP: 30/42 MP: 5/5
  3205 | D:3      | Found a glowing golden altar of the Shining One.
  3435 | D:4      | Reached skill level 5 in Unarmed Combat
  3435 | D:4      | Gained mutation: A weak demonic guardian rushes to your aid. [demonic ancestry]
  3435 | D:4      | Reached XP level 6. HP: 41/48 MP: 6/6
  3577 | D:4      | Noticed azzavlup's ghost (amateur TeBe)
  3974 | D:4      | Killed azzavlup's ghost
  3986 | D:4      | Noticed Duvessa
  3986 | D:4      | Noticed Dowan
  3997 | D:4      | Killed Duvessa
  3997 | D:4      | Reached XP level 7. HP: 25/55 MP: 7/7
  4006 | D:4      | Killed Dowan
  4006 | D:4      | Reached skill level 6 in Unarmed Combat
  4181 | D:4      | Noticed Menkaure
  4202 | D:4      | Killed Menkaure
  4565 | D:4      | Found a sparkling altar of Nemelex Xobeh.
  4675 | D:4      | Reached skill level 5 in Fighting
  5129 | D:4      | Reached skill level 5 in Dodging
  5129 | D:4      | Gained mutation: You are mostly covered in iridescent scales. (AC +4) [demonic ancestry]
  5129 | D:4      | Reached XP level 8. HP: 57/62 MP: 8/8
  5230 | D:5      | Entered Level 5 of the Dungeon
  5253 | D:5      | Reached skill level 7 in Unarmed Combat
  5732 | D:5      | Found a radiant altar of Vehumet.
  6078 | D:5      | Found a staircase to the Ecumenical Temple.
  6089 | Temple   | Entered the Ecumenical Temple
  6210 | Temple   | Became a worshipper of the Wu Jian Council
  6210 | Temple   | Reached * piety under Wu Jian
  6210 | Temple   | Reached ** piety under Wu Jian
  6635 | D:5      | Reached skill level 8 in Unarmed Combat
  6809 | D:6      | Found a blossoming altar of Fedhas.
  6823 | D:6      | Found Riwagidd's Magic Scroll Emporium.
  6833 | D:6      | Bought a scroll of identify for 26 gold pieces
  6833 | D:6      | Bought a scroll of magic mapping for 45 gold pieces
  6833 | D:6      | Bought a scroll of enchant armour for 97 gold pieces
  6833 | D:6      | Bought a scroll of identify for 26 gold pieces
  6833 | D:6      | Bought a scroll of identify for 26 gold pieces
  6833 | D:6      | Bought a scroll of enchant armour for 97 gold pieces
  6877 | D:6      | Noticed Grinder
  6890 | D:6      | Gained mutation: You have a pair of horns on your head. [demonic ancestry]
  6890 | D:6      | Reached XP level 9. HP: 64/70 MP: 9/9
  6906 | D:6      | Paralysed by Grinder for 6 turns
  6923 | D:6      | Killed Grinder
  7001 | D:6      | Found a sacrificial altar of Ru.
  7736 | D:7      | Found a white marble altar of Elyvilon.
  7750 | D:7      | Noticed Pikel
  7774 | D:7      | Killed Pikel
  7774 | D:7      | Reached skill level 9 in Unarmed Combat
  8022 | D:7      | Reached *** piety under Wu Jian
  8163 | D:7      | Found a runed door.
  8275 | D:7      | Found Zoschaun's Jewellery Shop.
  8737 | D:7      | Found a runed door.
  8785 | D:7      | Reached XP level 10. HP: 80/80 MP: 10/10
  9014 | D:8      | Reached **** piety under Wu Jian
  9422 | D:8      | Reached skill level 10 in Unarmed Combat
  9478 | D:8      | Noticed esteth's ghost (novice CeMo)
  9489 | D:8      | Noticed a two-headed ogre
  9536 | D:8      | Killed esteth's ghost
  9555 | D:8      | Killed a two-headed ogre
  9982 | D:9      | Noticed a two-headed ogre
 10005 | D:9      | Killed a two-headed ogre
 10005 | D:9      | Reached skill level 11 in Unarmed Combat
 10263 | D:9      | Noticed a two-headed ogre
 10316 | D:8      | HP: 2/82 [killer bee (7)]
 10318 | D:8      | Succumbed to a killer bee's poison

Vault maps used:
D:1:      minmay_arrival_nine_rooms, minmay_tetromino_o4
D:2:      minitemple, minmay_misc_feat_more_columns
D:3:      serial_glass, glass_columns_a, glass_columns_a, first_bread,
          nicolae_tso_swordbearing_angel
D:4:      nemelex_xobeh_ov_fountains_minmay, hangedman_decor_push,
          uniq_menkaure, uniq_duvessa
D:5:      minmay_temple_entry_poolview, grunt_ministairs_7,
          vehumet_altar_wand_db
D:6:      nicolae_ru_awakened_eye, serial_shops, shop, fedhas_altar_3,
          uniq_grinder
D:7:      lemuel_insect_pit, serial_shops, shop_fountains, basic_altar,
          uniq_pikel
Temple:   minmay_crystal_spiral_temple

Skill      XL: |  1  2  3  4  5  6  7  8  9 10 |
---------------+-------------------------------+-----
Unarmed Combat | 3 4 5 6 8 9 11 | 11.2
Dodging        | 3 4 5 6 7 8 |  8.2
Fighting       | 4 5 6 7 8 |  8.8
Stealth        | |  1.7

Action                   |  1- 3 |  4- 6 |  7- 9 | 10-12 || total
-------------------------+-------+-------+-------+-------++-------
Melee: Unarmed           |   142 |   218 |   484 |   265 ||  1109
       Headbutt          |    13 |    34 |    87 |    42 ||   176
       Punch             |     3 |    10 |    15 |     9 ||    37
  Use: Potion            |     1 |     6 |       |     2 ||     9
       Scroll            |       |     3 |     8 |     3 ||    14
 Stab: Sleeping          |     7 |     5 |    12 |       ||    24
       Distracted        |       |     1 |     6 |       ||     7
       Invisible         |       |       |       |     4 ||     4
  Eat: Chunk             |     3 |     7 |    15 |     6 ||    31
Armor: Robe              |    19 |    28 |    91 |     9 ||   147
       Ring mail         |       |       |       |    58 ||    58
Dodge: Dodged            |    83 |   149 |   268 |   235 ||   735
